 Dungeon Crawl Stone Soup version 0.30.1-4-g462c640d31 (webtiles) character file.

Game seed: 4073566995461307423

11497 Peloso the Carver (level 11, -3/99 HPs)
             Began as a Minotaur Fighter on Aug 13, 2023.
             Was an Elder of Okawaru.
             Slain by a death yak (16 damage)
             ... on level 11 of the Dungeon.
             The game lasted 00:29:59 (11243 turns).

Peloso the Carver (Minotaur Fighter)               Turns: 11243, Time: 00:29:59

Health: -3/99      AC: 18    Str: 23    XL:     11   Next: 50%
Magic:  11/11      EV: 10    Int:  5    God:    Okawaru [****..]
Gold:   638        SH:  6    Dex: 12    Spells: 10/10 levels left

rFire   . . .        a - +0 long sword
rCold   . . .        d - +0 buckler
rNeg    . . .        u - +0 chain mail
rPois   +            (helmet restricted)
rElec   .            A - +0 cloak
rCorr   .            (no gloves)
SInv    .            c - +0 pair of boots
Will    .....        (no amulet) Stlth
                     i - +4 ring of protection
HPRegen 0.36/turn    k - ring of poison resistance
MPRegen 0.12/turn

%: no passive effects
@: hasted, very quick
A: horns 2, retaliatory headbutt
a: Renounce Religion, Heroism, Finesse


You were on level 11 of the Dungeon.
You worshipped Okawaru.
Okawaru was greatly pleased with you.
You visited 2 branches of the dungeon, and saw 12 of its levels.
You also visited: Bailey.

You collected 638 gold pieces.

Inventory:

Hand Weapons
 a - a +0 long sword (weapon)
 b - a +2 spear of flaming
Missiles
 n - 6 throwing nets (quivered)
Armour
 c - a +0 pair of boots (worn)
 d - a +0 buckler (worn)
 u - a +0 chain mail (worn)
 A - a +0 cloak (worn)
Jewellery
 i - a +4 ring of protection (left hand)
 k - a ring of poison resistance (right hand)
 p - a +4 ring of protection
 r - a ring of magical power
 s - the ring "Dounnu" {Str+6 Int+6 Dex-2 Stlth+}
   (You found it on level 4 of the Dungeon)

   [ring of strength]

   Str:       It affects your strength (+6).
   Int:       It affects your intelligence (+6).
   Dex:       It affects your dexterity (-2).
   Stlth:     It makes you more stealthy.
 w - the ring "Bomnetoi" {Fire rPois Str-5 Int+7 Dex+3}
   (You found it on level 5 of the Dungeon)

   [ring of fire]

   It enhances your fire magic.
   Str:       It affects your strength (-5).
   Int:       It affects your intelligence (+7).
   Dex:       It affects your dexterity (+3).
   rF:        It protects you from fire.
   rC:        It makes you vulnerable to cold.
   rPois:     It protects you from poison.
 y - a ring of protection from fire
 G - a ring of wizardry
Wands
 l - a wand of digging (14)
 o - a wand of flame (16)
 C - a wand of paralysis (7)
 E - a wand of roots (11)
Scrolls
 f - 7 scrolls of amnesia
 g - 6 scrolls of identify
 h - a scroll of poison
 m - a scroll of immolation
 v - a scroll of fog
 z - a scroll of blinking
 O - 2 scrolls of brand weapon {unknown}
 P - a scroll of fear {unknown}
 Q - a scroll of silence {unknown}
Potions
 j - 4 potions of might
 q - a potion of curing
 t - 3 potions of attraction
 x - 2 potions of brilliance
 B - 2 potions of experience
 D - 3 potions of invisibility
 H - 2 potions of resistance
 I - 2 potions of magic
 J - 4 potions of heal wounds
 K - 3 potions of haste
 L - 2 potions of mutation
 M - 2 potions of ambrosia {unknown}
 N - a potion of berserk rage {unknown}
Miscellaneous
 F - a phantom mirror


   Skills:
 + Level 10.1 Fighting
 + Level 13.5 Long Blades
 + Level 10.7 Armour
 + Level 5.1 Dodging
 + Level 2.6 Stealth
 + Level 8.7 Shields
 + Level 1.4 Invocations
 + Level 0.9 Evocations


You had 10 spell levels left.
You didn't know any spells.
Your spell library contained the following spells:

 Spells                   Type           Power      Damage    Failure   Level
 Magic Dart               Conj           0%         1d3       95%         1
 Cigotuvi's Dreadful Rot  Necr/Pois/Air  0%         N/A       99%         2
 Sublimation of Blood     Necr           0%         N/A       99%         2
 Ignite Poison            Fire/Tmut/Pois 0%         N/A       100%        3
 Mephitic Cloud           Conj/Pois/Air  0%         N/A       100%        3
 Portal Projectile        Hex/Tloc       0%         N/A       100%        3
 Stone Arrow              Conj/Erth      0%         3d7       100%        3
 Volatile Blastmotes      Fire/Tloc      0%         2d10      100%        3
 Fulminant Prism          Conj/Hex       0%         3d5       100%        4
 Iskenderun's Mystic Bla  Conj/Tloc      0%         2d3       100%        4
 Petrify                  Tmut/Erth      0%         N/A       100%        4
 Blade Hands              Tmut           0%         N/A       100%        5
 Freezing Cloud           Conj/Ice/Air   0%         6-21      100%        5
 Irradiate                Conj/Tmut      0%         3d11      100%        5
 Lee's Rapid Deconstruct  Erth           0%         3d4*      100%        5
 Eringya's Noxious Bog    Tmut/Pois      0%         N/A       100%        6
 Iron Shot                Conj/Erth      0%         9d1       100%        6
 Call Imp                 Summ           Unusable   N/A       N/A         2
 Tukima's Dance           Hex            Unusable   N/A       N/A         3
 Animate Armour           Summ/Erth      Unusable   N/A       N/A         4
 Summon Forest            Summ/Tloc      Unusable   N/A       N/A         5
 Summon Hydra             Summ           Unusable   N/A       N/A         7

Dungeon Overview and Level Annotations

Branches:
Dungeon (11/15)            Temple (1/1) D:7             Orc (0/2) D:9
 Bailey (visited)
   Lair: D:8-11

Altars:
Ashenzari
Cheibriados
Dithmenos
Fedhas
Kikubaaqudgha
Makhleb
Nemelex Xobeh
Okawaru
Qazlal
Ru
Sif Muna
Trog
Vehumet
Wu Jian
Yredelemnul
Zin
The Shining One

Shops:
D:5 *   D:6 [

Annotations:
D:5 4 runed translucent doors
D:6 1 runed translucent door, YordlordTheGreat's ghost, weakling FeDe
D:11 Erica; Gastronok


Innate Abilities, Weirdness & Mutations

You have a pair of horns on your head.
You reflexively headbutt those who attack you in melee.


Message History

You hit the death yak but do no damage. You headbutt the death yak.
The death yak is moderately wounded.
The death yak gores you!
* * * LOW HITPOINT WARNING * * *
You hit the death yak.
The death yak is moderately wounded.
The death yak gores you but does no damage.
The death yak snorts and paws the ground.
You hit the death yak but do no damage.
The death yak is moderately wounded.
The death yak gores you.
* * * LOW HITPOINT WARNING * * *
As you read the scroll of teleportation, it crumbles to dust.
You feel strangely unstable. The death yak closely misses you.
Things that are here:
a +0 troll leather armour; a troll corpse The death yak attacks as you move away!
The death yak gores you but does no damage.
Your surroundings suddenly seem different.
Okay, then.
The death yak snorts and paws the ground.
Blink to where?
Press: ? - help, Dir - move target
As you read the scroll of blinking, it crumbles to dust.
The death yak bellows! x2; You hear a bellow!
Blink to where?
Press: ? - help, Dir - move target
As you read the scroll of blinking, it crumbles to dust.
The death yak attacks as you move away!
The death yak gores you but does no damage.
Things that are here:
a +0 troll leather armour; a troll corpse The death yak attacks as you move away!
The death yak gores you!
* * * LOW HITPOINT WARNING * * *
The death yak attacks as you move away! The death yak gores you.
* * * LOW HITPOINT WARNING * * *
You feel better.
The death yak gores you but does no damage.
You feel yourself speed up. The death yak gores you!
You die...

###.# . #...# #Y #.#.####### ...
#.### ≈≈≈## #..$ ##########.#
##### # ....Y######
#..........###...### .....Y....#
##.#######...........
.....####.###..Y######..###.####.
(#####....YY.Y.Y@..)))..# #.# #.
....##.##.###...######..# #.# #.
..........###...######..###.# #.
...........)...........<....####<
...>..Y##.###...######..#........
............##.#######...).#####.
.......##.#.##......)....#.####.#
..#....####.#########........#.##
..##.#.# # #.††......)##..###


You could see 5 death yaks.

Vanquished Creatures
  Harold (D:9)
  A two-headed ogre (D:10)
  A death yak (D:11)
  Sonja (D:11)
  An ugly thing (D:11)
  An orc knight (Bailey)
  A manticore (D:11)
  A rime drake (shapeshifter) (D:9)
  Maggie (D:9)
  A troll (D:11)
  3 wyverns
  16 yaks
  2 water moccasins
  5 orc warriors
  A sky beast (D:6)
  2 black bears
  2 ice beasts (D:5)
  An ogre (D:4)
  3 centaurs
  3 phantoms
  4 bullfrogs
  2 gnoll sergeants
  3 scorpions
  4 wights (D:7)
  4 killer bees (D:11)
  2 howler monkeys
  3 bullfrog zombies (D:5)
  2 hounds
  12 orc priests
  4 gnoll boudas
  3 jellies
  2 iguanas
  A scorpion zombie (D:5)
  12 orc wizards
  A killer bee zombie (D:5)
  2 hound zombies (D:5)
  41 gnolls
  9 adders
  2 white imps
  2 ufetubi
  2 worms
  3 dart slugs
  53 orcs
  A bat (D:3)
  5 endoplasms (D:1)
  A giant cockroach (D:3)
  13 goblins
  8 hobgoblins
  8 jackals
  4 quokkas
  7 ball pythons
  2 frilled lizards
  7 kobolds
  5 rats
282 creatures vanquished.

Notes
Turn   | Place    | Note
-------+----------+-------------------------------------------
     0 | D:1      | Peloso the Minotaur Fighter began the quest for the Orb.
     0 | D:1      | Reached XP level 1. HP: 19/19 MP: 0/0
    68 | D:1      | Reached XP level 2. HP: 18/27 MP: 1/1
   320 | D:1      | Found a faded altar of an unknown god.
   424 | D:1      | Reached skill level 3 in Long Blades
   578 | D:1      | Reached XP level 3. HP: 33/33 MP: 2/2
  1382 | D:3      | Reached XP level 4. HP: 38/40 MP: 3/3
  1398 | D:3      | Reached skill level 1 in Dodging
  2009 | D:3      | Reached skill level 4 in Long Blades
  2009 | D:3      | Reached XP level 5. HP: 43/46 MP: 4/4
  2045 | D:4      | Identified the ring "Dounnu" {Str+6 Int+6 Dex-2 Stlth+}
  2198 | D:4      | Noticed an ogre
  2210 | D:4      | Killed an ogre
  2211 | D:4      | Reached skill level 5 in Long Blades
  2211 | D:4      | Reached skill level 5 in Armour
  2211 | D:4      | Reached XP level 6. HP: 53/53 MP: 5/5
  2497 | D:5      | Entered Level 5 of the Dungeon
  2814 | D:5      | Reached skill level 5 in Fighting
  2814 | D:5      | Reached XP level 7. HP: 48/61 MP: 6/6
  2938 | D:5      | Found a large runed translucent door.
  2947 | D:5      | Reached skill level 6 in Long Blades
  2947 | D:5      | Reached skill level 5 in Shields
  2951 | D:5      | Found a large runed translucent door.
  2953 | D:5      | Found a large runed translucent door.
  2953 | D:5      | Found a large runed translucent door.
  2955 | D:5      | Noticed a wyvern
  3057 | D:5      | Identified the ring "Bomnetoi" {Fire rPois Str-5 Int+7
                  | Dex+3}
  3223 | D:5      | Reached skill level 7 in Long Blades
  3313 | D:5      | Noticed a yak
  3324 | D:5      | Killed a yak
  3325 | D:5      | Reached XP level 8. HP: 50/70 MP: 7/7
  3644 | D:5      | Got Sonih's Directory of the Foul Plateau
  3727 | D:5      | Found Giaqeud's General Store.
  3946 | D:6      | Reached skill level 8 in Long Blades
  4146 | D:6      | Found Ceydupa Tesu's Armour Emporium.
  4438 | D:7      | Found a staircase to the Ecumenical Temple.
  4462 | Temple   | Entered the Ecumenical Temple
  4617 | Temple   | Became a worshipper of Warmaster Okawaru
  4731 | D:6      | Reached XP level 9. HP: 66/78 MP: 8/8
  4857 | D:6      | Reached skill level 9 in Long Blades
  4933 | D:6      | Found a runed translucent door.
  4933 | D:6      | Noticed YordlordTheGreat's ghost (weakling FeDe)
  5625 | D:7      | Reached * piety under Okawaru
  5990 | D:7      | Reached skill level 10 in Long Blades
  6667 | D:8      | Reached skill level 1 in Stealth
  7376 | D:9      | Noticed Maggie
  7391 | D:9      | Killed Maggie
  7391 | D:9      | Reached ** piety under Okawaru
  7646 | D:9      | Reached XP level 10. HP: 74/88 MP: 9/9
  7654 | D:9      | Reached skill level 11 in Long Blades
  7815 | D:9      | Noticed Harold
  7836 | D:9      | Killed Harold
  7836 | D:9      | Reached *** piety under Okawaru
  7873 | D:9      | Found a staircase to the Orcish Mines.
  7914 | D:9      | Found a basalt altar of Yredelemnul.
  7915 | D:9      | Found a burning altar of Makhleb.
  8073 | D:9      | Found a shadowy altar of Dithmenos.
  8074 | D:9      | Found a stormy altar of Qazlal.
  8076 | D:9      | Found an ornate altar of the Wu Jian Council.
  8573 | D:10     | Entered Level 10 of the Dungeon
  8721 | D:10     | Reached skill level 10 in Armour
  8729 | D:10     | Reached skill level 12 in Long Blades
  8998 | D:10     | Found a flagged portal.
  9020 | Bailey   | Entered a bailey
  9229 | Bailey   | Noticed an orc knight
  9238 | Bailey   | Killed an orc knight
  9734 | D:10     | Noticed a two-headed ogre
  9745 | D:10     | Killed a two-headed ogre
  9746 | D:10     | Reached skill level 5 in Dodging
  9746 | D:10     | Reached XP level 11. HP: 57/93 MP: 8/10
 10225 | D:11     | Noticed Sonja
 10233 | D:11     | Killed Sonja
 10233 | D:11     | Reached **** piety under Okawaru
 10234 | D:11     | Reached skill level 13 in Long Blades
 10312 | D:11     | Noticed a green ugly thing
 10339 | D:11     | Killed a green ugly thing
 10346 | D:11     | Reached skill level 1 in Invocations
 10595 | D:11     | Noticed Erica
 10613 | D:11     | Noticed Gastronok
 11176 | D:11     | Noticed a death yak
 11184 | D:11     | Noticed a death yak
 11187 | D:11     | Noticed a death yak
 11191 | D:11     | Noticed a death yak
 11195 | D:11     | Noticed a death yak
 11197 | D:11     | Killed a death yak
 11198 | D:11     | Reached skill level 10 in Fighting
 11198 | D:11     | Noticed a death yak
 11240 | D:11     | HP: 4/99 [death yak (4)]
 11243 | D:11     | Slain by a death yak

Illustrated notes

Levels and vault maps discovered:
D:1:      tarquinn_simple_flora_water_b, layout_loops_cross,
          shapermc_ecumenical_altar_mp_highgroup, minmay_misc_feat_tower
D:2:      layout_basic
D:3:      layout_loops_ring
D:4:      layout_rooms, hex_large, hangedman_decor_lopped
D:5:      layout_gridville, serial_shops, nicolae_shop_trees, serial_undead,
          serial_undead_e, serial_undead_c, serial_undead_b, serial_undead_d,
          serial_undead_c, serial_undead_d, nrook_campfire,
          minmay_hollow_rounded_squares
D:6:      layout_loops_ring, gammafunk_ghost_grave, serial_shops, shop
D:7:      layout_loops_ring, minmay_temple_entry_statues_fountains,
          dk_noncrumbling_2, lightli_orcish_oven
D:8:      layout_basic
D:9:      layout_roguey, nicolae_overflow_hidden_temple, orc_0_dummy,
          uniq_maggie, uniq_harold
D:10:     layout_basic, enter_bailey_4, wad_floor_pattern_1
D:11:     layout_loops_ring, dpeg_lair_monsters, serial_aquarium,
          aquarium_bridge_island_small [aquarium_subvault_small_open,
          aquarium_subvault_wall, aquarium_subvault_bridge,
          aquarium_subvault_window, aquarium_subvault_bridge],
          aquarium_bridge_long_joined [aquarium_subvault_wall,
          aquarium_subvault_balcony, aquarium_subvault_wall,
          aquarium_subvault_wall, aquarium_subvault_bridge,
          aquarium_subvault_wall], aquarium_window_2, aquarium_window_fake,
          aquarium_window_fake, aquarium_window_fake, aquarium_view_2c,
          uniq_sonja, uniq_gastronok, uniq_erica
Temple:   nicolae_temple_bog_church

Skill      XL: |  1  2  3  4  5  6  7  8  9 10 11 |
---------------+----------------------------------+-----
Shields        | 4 5 6 8 |  8.7
Long Blades    | 3 4 5 7 8 10 12 13 | 13.5
Fighting       | 4 5 6 8 9 10 | 10.1
Armour         | 4 5 6 7 9 10 | 10.7
Dodging        | 1 2 3 4 5 |  5.1
Stealth        | 1 2 |  2.6
Invocations    | 1 |  1.4
Evocations     | |  0.9

Action                     |  1- 3 |  4- 6 |  7- 9 | 10-12 || total
---------------------------+-------+-------+-------+-------++-------
  Melee: Long sword        |    98 |   140 |   432 |   425 ||  1095
         Headbutt          |    16 |    27 |    89 |   106 ||   238
 Invoke: Heroism           |       |       |     2 |     9 ||    11
  Evoke: Wand              |       |       |       |     6 ||     6
    Use: Scroll            |     3 |     5 |       |    12 ||    20
         Potion            |     1 |       |     2 |     3 ||     6
   Stab: Paralysed         |       |       |       |     6 ||     6
 Armour: Scale mail        |    53 |    76 |     9 |       ||   138
         Chain mail        |       |       |   221 |   164 ||   385
  Dodge: Dodged            |    48 |    93 |   163 |   164 ||   468
  Block: Buckler           |    31 |    44 |   107 |   108 ||   290
